AoeStats
← yyang

Arabia

510428311Analyzed
1v1 RM · 1d ago on Oct 1, 2026· 38m 11s· 2 players
Game mode
Random Map
Map size
Tiny (2 player)
Population
200
Speed
Normal
Resources
Standard
Victory
Conquest
Starting age
Dark Age
Ending age
Imperial Age
RankedLock teamsTeams togetherTeam positionsShared explorationLock speedFull tech treeHidden civsTurbo modeCheats
Victory
Defeat
🇹🇼 Bohemians · Taiwan
1453
+19
🇦🇺 Berbers · Australia
1525
-19
yyang
7:08 Loom
9:28 Feudal Age
11:38 Horse Collar
16:23 Fletching
20:34 Castle Age
19:57 Double-Bit Axe
20:49 Crossbowman
21:28 Bodkin Arrow
23:00 Wheelbarrow
24:16 Bow Saw
24:18 Fervor
24:29 Heavy Plow
25:12 Husbandry
25:02 Elite Skirmisher
26:15 Padded Archer Armor
26:56 Town Watch
27:51 Sanctity
29:38 Leather Archer Armor
30:04 Ballistics
30:45 Chemistry
31:34 Hand Cart
32:19 Masonry
39:07 Imperial Age
37:19 Scale Barding Armor
38:49 Chain Barding Armor
Dinglebob
5:48 Loom
9:16 Feudal Age
12:18 Double-Bit Axe
15:53 Fletching
17:46 Padded Archer Armor
20:29 Wheelbarrow
19:39 Town Watch
23:25 Castle Age
21:14 Horse Collar
23:39 Town Watch
24:28 Bloodlines
24:20 Bodkin Arrow
24:40 Leather Archer Armor
27:24 Bow Saw
30:00 Ballistics
32:57 Scale Barding Armor
33:03 Forging
Connection lost

Rejoining the realm…

Still unreachable

The connection could not be restored.

Session expired

The server has moved on; the page needs a fresh start.